[Event "*** Titled Tuesday 3|2 Blitz"]
[Site "Chess.com"]
[Date "2015.05.05"]
[Round "6"]
[White "Tomsel"]
[Black "pKiLz5Rn9b"]
[Result "1/2-1/2"]
[WhiteElo "2342"]
[BlackElo "2259"]
[TimeControl "180+2"]
[EndTime "12:18:31 PDT"]
[Termination "Game drawn - insufficient material"]

1. d4 e6 2. Bf4 Nf6 3. e3 d5 4. Nd2 Bd6 5. Bg3 O-O 6. Ngf3 c5 7. c3 Nc6 8. Bd3 Re8 9. Ne5 Qc7 10. f4 h6 11. O-O Nd7 12. Nxf7 Kxf7 13. f5 e5 14. Qh5+ Kf8 15. f6 Nxf6 16. Bh4 Be7 17. Bb5 e4 18.
Qxd5 Qd6 19. Qxd6 Bxd6 20. Nxe4 Rxe4 21. Bxf6 gxf6 22. Rxf6+ Ke7 23. Raf1 Be6 24. Rxh6 Rf8 25. Rxf8 Kxf8 26. Kf2 cxd4 27. cxd4 Kg7 28. Rh5 Nb4 29. a3 Na6 30. Bd3 Rg4 31. h3 Rg6 32. Bxg6 Kxg6 33. Rb5 b6 34. e4 Nc7 35. Rb4 Bxb4 36. axb4 Kf6 37. Ke3 Nb5 38. g4 Kg5 39. d5 Bf7 40.
Kd3 Kf4 41. Kc4 Nd6+ 42. Kd4 Nxe4 43. h4 Nd6 44. h5 Kxg4 45. Ke5 Nc4+ 46. Kd4 Kxh5 47.
Kxc4 Kg5 48. Kb5 Bxd5 49. Ka6 Bc4+ 50. b5 Bxb5+ 51. Kxa7 Bc4 52. Kxb6 Bf7 53. b4 Bc4 54. Kc5 Bd3 55. b5 Bxb5 1/2-1/2

[Event "*** Titled Tuesday 3|2 Blitz"]
[Site "Chess.com"]
[Date "2015.05.05"]
[Round "6"]
[White "pedromartinez91"]
[Black "facu57"]
[Result "0-1"]
[WhiteElo "2156"]
[BlackElo "2184"]
[TimeControl "180+2"]
[EndTime "12:18:36 PDT"]
[Termination "facu57 won on time"]

1. e4 c6 2. Nf3 d5 3. Nc3 dxe4 4. Nxe4 Nf6 5. Nxf6+ exf6 6. d4 Bd6 7. Qe2+ Be6 8. Be3 O-O 9. Qd2 Nd7 10. Be2 Nb6 11. Bf4 Nc4 12. Bxc4 Bxc4 13. O-O-O Bxa2 14. Bxd6 Qxd6 15. Ne1 Rfe8 16. f3 Bc4 17. b3 Be2 18. Kb2 Bxd1 19. Qxd1 Rad8 20. c3 c5 21. Nc2 cxd4 22. Nxd4 a6 23. Qc2 g6 24. Rd1 Qxh2 25. Rd2 Qe5 26.
Qd3 Re7 27. Rc2 Red7 28. Re2 Rxd4 29. cxd4 Qxd4+ 30. Qxd4 Rxd4 31. Kc2 b5 32. Kc3 Rd6 33. b4 h5 34. f4 Rc6+ 35. Kb3 h4 36. Re3 Kg7 37. Rh3 g5 38. Re3 Kg6 39. Rf3 g4 40. f5+ Kg5 41. Rf1 Rd6 42. Rf2 Rd3+ 43. Kc2 Rd5 44. Kc3 Rxf5 45. Ra2 h3 46. g3 Rf3+ 47. Kd4 Rxg3 48. Kc5 h2 49. Kb6 h1=Q 50. Ka5 Qb1 51.
Rf2 Ra3+ 52. Kb6 Qg1 53. Kb7 Qxf2 0-1

[Event "*** Titled Tuesday 3|2 Blitz"]
[Site "Chess.com"]
[Date "2015.05.05"]
[Round "6"]
[White "Haykos"]
[Black "Recombinant"]
[Result "1-0"]
[WhiteElo "2208"]
[BlackElo "2134"]
[TimeControl "180+2"]
[EndTime "12:18:38 PDT"]
[Termination "Haykos won by resignation"]

1. e4 c5 2. Nf3 d6 3. Bb5+ Bd7 4.
Bxd7+ Qxd7 5. O-O Nc6 6. d4 cxd4 7. Nxd4 Nf6 8. Nc3 g6 9. Bg5 Bg7 10. Re1 O-O 11. Nf3 Rfd8 12. Nd5 Nxd5 13. exd5 Ne5 14. c3 h6 15. Bh4 Re8 16. Bg3 Nxf3+ 17. Qxf3 Rac8 18.
Re2 Rc5 19. Qd3 Qb5 20. Rd1 Qd7 21. h3 Bf6 22. Bf4 Kg7 23. Qd2 h5 24. Bh6+ Kh7 25.
Be3 Rcc8 26. Bg5 Bxg5 27. Qxg5 Kg7 28. Rde1 Rc7 29. Qh4 Qb5 30. Qd4+ Kg8 31. b3 Qa5 32. c4 a6 33. f4 b5 34. f5 bxc4 35. fxg6 Qc5 36. gxf7+ Kxf7 37. Rf2+ Kg6 38. Qe4+ Kg7 39.
Qf5 e6 40. Qg5+ Kh7 41. Qxh5+ Kg7 42. Qxe8 exd5 43. Qf8+ Kg6 44. Re6+ 1-0

[Event "*** Titled Tuesday 3|2 Blitz"]
[Site "Chess.com"]
[Date "2015.05.05"]
[Round "6"]
[White "zmaj23"]
[Black "destroyer305"]
[Result "1-0"]
[WhiteElo "2441"]
[BlackElo "2155"]
[TimeControl "180+2"]
[EndTime "12:18:39 PDT"]
[Termination "zmaj23 won by resignation"]

1. e4 c5 2. Nf3 g6 3. d4 cxd4 4.
Nxd4 Nc6 5. Nc3 Bg7 6. Be3 Nf6 7. Bc4 O-O 8. Bb3 d6 9. f3 Bd7 10. Qd2 Nxd4 11. Bxd4 b5 12. g4 a5 13. h4 a4 14. Bd5 b4 15. Ne2 e5 16. Bxa8 exd4 17.
g5 Qxa8 18. gxf6 Bxf6 19. Nf4 a3 20. Nd5 Bg7 21. b3 Be6 22. Nxb4 d5 23. exd5 Bxd5 24. Nxd5 Qxd5 25. O-O d3 26. Rad1 Qc5+ 27. Kg2 dxc2 28. Rc1 Rc8 29. Rf2 Qh5 30. Rxc2 Rxc2 31. Qxc2 Qxh4 32.
Qe4 Qg5+ 33. Qg4 Qc1 34. Re2 h5 35. Qc4 Qg5+ 36. Kf1 Qf5 37. Re8+ Kh7 38. Kf2 Qf6 39. b4 Qb2+ 40. Re2 Bd4+ 41. Kg2 Qa1 42. Qxf7+ Kh6 43.
Qf4+ Kh7 44. Re7+ Bg7 45. Qf7 Qb2+ 46. Kh3 Qc3 47. Qxg7+ 1-0

[Event "*** Titled Tuesday 3|2 Blitz"]
[Site "Chess.com"]
[Date "2015.05.05"]
[Round "6"]
[White "Keranke"]
[Black "Konavets"]
[Result "0-1"]
[WhiteElo "2536"]
[BlackElo "2438"]
[TimeControl "180+2"]
[EndTime "12:18:40 PDT"]
[Termination "Konavets won by resignation"]

1. d4 Nf6 2. c4 e6 3. g3 c5 4. Nf3 cxd4 5. Nxd4 Nc6 6. Bg2 Bc5 7. Nb3 Be7 8. Nc3 O-O 9. O-O b6 10. Bf4 Bb7 11.
Bd6 Rc8 12. Qd2 Bxd6 13. Qxd6 Ne8 14. Qf4 d6 15. Rfd1 Qe7 16. Rac1 Ne5 17. Bxb7 Qxb7 18. Nb5 Ng6 19. Qe3 Qe7 20. Nd2 a6 21. Nc3 Qc7 22.
Nde4 h6 23. b3 Rd8 24. Rd4 f5 25. Nd2 e5 26. Rd3 Nf6 27. Nd5 Nxd5 28. Rxd5 Ne7 29. Rd3 d5 30. f4 e4 31. Rd4 g5 32. Nb1 gxf4 33. gxf4 Ng6 34. cxd5 Qxf4 35. Qxf4 Nxf4 36. Kf2 Rxd5 37. Rxd5 Nxd5 38. Rc6 Rf6 39. Rc8+ Kf7 40. e3 Ke7 41. Nd2 Kd7 42. Ra8 Nb4 43. a3 Nd3+ 44.
Ke2 Rg6 45. Kf1 Rc6 46. Nc4 b5 47. Na5 Rc1+ 48. Ke2 Rc2+ 49. Kd1 Rxh2 50. Rxa6 f4 51. Ra7+ Kc8 52. Nc6 fxe3 0-1

[Event "*** Titled Tuesday 3|2 Blitz"]
[Site "Chess.com"]
[Date "2015.05.05"]
[Round "6"]
[White "Hikaru"]
[Black "ChessTrener"]
[Result "1/2-1/2"]
[WhiteElo "2826"]
[BlackElo "2527"]
[TimeControl "180+2"]
[EndTime "12:18:41 PDT"]
[Termination "Game drawn by agreement"]

1. d4 Nf6 2. Nf3 g6 3. c4 c5 4.
d5 b5 5. cxb5 a6 6. bxa6 Bxa6 7.
Nc3 d6 8. g3 Nbd7 9. Bg2 Bg7 10. Rb1 O-O 11. O-O Qa5 12. Qc2 Rfb8 13. Bd2 Ne8 14.
b3 Nc7 15. Rfc1 Bc8 16. a4 Qb6 17. e4 Na6 18. Be3 Nb4 19. Qd1 Ba6 20. Nd2 Ne5 21. Nb5 Bxb5 22. axb5 Qxb5 23. Bf1 Qb7 24. Nc4 Nxc4 25.
bxc4 Ra2 26. Rb3 Rba8 27. Rcb1 h5 28. h4 Bf6 29. Kg2 Ra1 30. Bd2 Rxb1 31. Rxb1 Ra2 32. Be3 Qa6 33. Qb3 Kg7 34. Qd1 Nc2 35. Bc1 Bd4 36.
Bd3 Na3 37. Rb3 Rxf2+ 38. Kh1 Qc8 39. g4 hxg4 40. Bf1 g3 41. Rxg3 Nc2 42. h5 Be5 43. Rf3 Rxf3 44. Qxf3 Nd4 45. h6+ Kg8 46. Qh3 Qxh3+ 47. Bxh3 e6 1/2-1/2

[Event "*** Titled Tuesday 3|2 Blitz"]
[Site "Chess.com"]
[Date "2015.05.05"]
[Round "6"]
[White "GMHess"]
[Black "DanielRensch"]
[Result "1-0"]
[WhiteElo "2527"]
[BlackElo "2286"]
[TimeControl "180+2"]
[EndTime "12:19:08 PDT"]
[Termination "GMHess won by resignation"]

1. b3 Nf6 2. Bb2 g6 3. Bxf6 exf6 4. c4 b6 5. Nc3 Bb7 6. e3 Bg7 7. Nf3 O-O 8. Be2 c6 9. O-O d5 10. cxd5 cxd5 11. d4 Nd7 12. Rc1 a6 13. b4 Re8 14.
Qb3 Nf8 15. Ne1 Ne6 16. Bf3 Rc8 17. Nd3 Ng5 18. Be2 f5 19. Nf4 Ne4 20. Nxe4 Rxc1 21. Nf6+ Bxf6 22. Rxc1 g5 23. Nh5 Be7 24. Qb1 Bc8 25.
Bd3 Qd7 26. b5 a5 27. Rc6 Bd8 28. Rxb6 f4 29. exf4 Qe7 30. Nf6+ Kf8 31. Nxe8 Bxb6 32. fxg5 Kxe8 33. Qc1 Kd8 34. h4 Bxd4 35. Qf4 Qe5 36. Qxe5 Bxe5 37. Bxh7 Bd7 38. Bd3 d4 39. g3 Be6 40. f4 Bh8 41. a3 Kc7 42. f5 Bd7 43. h5 a4 44. h6 Be5 45. g6 fxg6 46. fxg6 Bxg3 47. g7 Be6 48. h7 1-0

[Event "*** Titled Tuesday 3|2 Blitz"]
[Site "Chess.com"]
[Date "2015.05.05"]
[Round "6"]
[White "iaraldinho"]
[Black "iFrancisco"]
[Result "0-1"]
[WhiteElo "2291"]
[BlackElo "2295"]
[TimeControl "180+2"]
[EndTime "12:19:10 PDT"]
[Termination "iFrancisco won by resignation"]

1. e4 e5 2. Nf3 Nc6 3. d4 exd4 4.
Bc4 Nf6 5. O-O Bc5 6. e5 d5 7.
Bb5 Ne4 8. Nxd4 Bd7 9. Bxc6 bxc6 10. c3 Bb6 11. Be3 O-O 12. Nd2 Nxd2 13. Qxd2 Re8 14.
f4 f6 15. Nf3 Bg4 16. Rae1 Bxf3 17. Rxf3 fxe5 18. Bxb6 axb6 19. fxe5 Rxa2 20. e6 Qd6 21. Qe2 Ra4 22. Re3 Re7 23. Qh5 Rf4 24. g3 Rf6 25. Qg4 c5 26. Re5 d4 27. cxd4 Qxd4+ 28. Qxd4 cxd4 29. Kg2 g6 30. g4 h6 31. h4 Kg7 32. Kg3 Rf8 33. Rd5 Rfe8 34. Rxd4 Kf6 35.
Rd7 Rxd7 36. exd7 Rd8 37. Rf1+ Ke6 38. Re1+ Kxd7 39. Rc1 c5 40. Ra1 Kc6 41. Kf4 Rd4+ 42. Kf3 Kb5 43. Ra8 h5 44. gxh5 gxh5 45. Kg3 Rg4+ 46.
Kh3 Rb4 47. Rh8 Rb3+ 48. Kg2 Rxb2+ 49. Kf3 Kc4 50. Rxh5 b5 51. Rg5 b4 52. Rg4+ Kb5 53.
h5 Rh2 54. Rg5 b3 55. Kg3 Rh1 56. Kg2 b2 57. Rg8 b1=Q 0-1

[Event "*** Titled Tuesday 3|2 Blitz"]
[Site "Chess.com"]
[Date "2015.05.05"]
[Round "6"]
[White "igorkovalenko"]
[Black "vovkcoach"]
[Result "1/2-1/2"]
[WhiteElo "2491"]
[BlackElo "2433"]
[TimeControl "180+2"]
[EndTime "12:19:41 PDT"]
[Termination "Game drawn - insufficient material"]

1. d4 Nf6 2. c4 g6 3. Nc3 d5 4. Nf3 Bg7 5. cxd5 Nxd5 6. e3 O-O 7. Bc4 Nb6 8. Bb3 c5 9. O-O cxd4 10. exd4 Nc6 11.
d5 Na5 12. Re1 Nxb3 13. axb3 Bg4 14. Bg5 Re8 15. h3 Bxf3 16. Qxf3 Bxc3 17. bxc3 Qxd5 18.
Bxe7 Qxf3 19. gxf3 Nd5 20. Bb4 Rxe1+ 21. Rxe1 a5 22.
Re5 axb4 23. Rxd5 bxc3 24. Rc5 Ra1+ 25. Kg2 Rc1 26. f4 Kg7 27. Rc7 b5 28. b4 Kf6 29.
Rc5 c2 30. Kf3 Rh1 31. Rxc2 Rxh3+ 32. Kg4 Rb3 33. Rc6+ Kg7 34. f5 Rxb4+ 35. f4 gxf5+ 36. Kxf5 Rc4 37. Rb6 b4 38. Kg5 Rc5+ 39. Kh4 Rc4 40.
Kg5 h6+ 41. Kg4 h5+ 42. Kxh5 Rxf4 43. Kg5 Rc4 44. Rb7 Rc5+ 45. Kf4 Rc4+ 46. Kf5 Kf8 47. Kf6 Ke8 48. Ke5 Rh4 49. Kd6 Kf8 50. Ke5 Kg7 51.
Kf5 Rc4 52. Kg5 Kg8 53. Kf6 Rf4+ 54. Kg5 Rc4 55. Kf6 Rc6+ 56. Kg5 Rc5+ 57. Kf6 Rc6+ 58. Kg5 Rc4 59. Kf6 Rf4+ 60. Kg5 Rd4 61. Kf6 Rf4+ 62.
Kg5 Rc4 63. Kf6 Kh7 64. Kxf7 Kh6 65. Ke6 Kg5 66. Kd5 Rf4 67. Kc5 Kg4 68. Rxb4 Rxb4 69. Kxb4 1/2-1/2

[Event "*** Titled Tuesday 3|2 Blitz"]
[Site "Chess.com"]
[Date "2015.05.05"]
[Round "6"]
[White "LyonBeast"]
[Black "VSERGUEI"]
[Result "1-0"]
[WhiteElo "2731"]
[BlackElo "2470"]
[TimeControl "180+2"]
[EndTime "12:19:45 PDT"]
[Termination "LyonBeast won on time"]

1. d4 d5 2. Nf3 Nf6 3. c4 c6 4. Nc3 a6 5. c5 Nbd7 6. Bf4 Nh5 7. Bd2 g6 8. g3 e5 9. e3 e4 10. Ng1 Bg7 11. b4 O-O 12. Be2 Nhf6 13. h4 Re8 14. a4 Nf8 15. b5 a5 16. Qb3 Bg4 17. Kd1 Qd7 18. Kc2 h5 19. Rf1 Qf5 20.
Kb2 Ne6 21. Ka2 Nd7 22. Bxg4 Qxg4 23. Nge2 Ndxc5 24. dxc5 Nxc5 25. Qa3 Nd3 26. Nf4 Rac8 27. Nxd3 exd3 28. Rc1 d4 29. exd4 Bxd4 30. Qb3 c5 31. Rhe1 Rxe1 32. Rxe1 c4 33. Qd1 Bxf2 34. Qxg4 hxg4 35. Re4 f5 36. Re6 Bxg3 37. Rxg6+ Kf7 38. Rg5 Kf6 39. h5 Rh8 40. Nd5+ Ke5 41. Ne3 Ke4 42.
Nxf5 Be5 43. Ne3 Bf4 44. Rxg4 Kf3 45. Rxf4+ Kxf4 46. Nxc4+ Kf3 47. h6 Ke2 48. Kb3 Rc8 49. Bc3 Rc7 50. Bxa5 Rc5 51. Bd2 Rh5 52. Kb4 Rh4 53. a5 Rh1 54. Kc5 1-0

[Event "*** Titled Tuesday 3|2 Blitz"]
[Site "Chess.com"]
[Date "2015.05.05"]
[Round "6"]
[White "AndrewMcStone"]
[Black "kesarev"]
[Result "0-1"]
[WhiteElo "1990"]
[BlackElo "2172"]
[TimeControl "180+2"]
[EndTime "12:20:25 PDT"]
[Termination "kesarev won by resignation"]

1. d4 g6 2. c4 Bg7 3. Nc3 Nf6 4. e4 O-O 5. Nge2 d6 6. Ng3 c5 7. d5 e6 8. Be2 exd5 9. cxd5 h5 10. Bg5 Re8 11.
Qd2 a6 12. a4 Qa5 13. O-O Nbd7 14. f4 Nh7 15. Bh4 Qb4 16. a5 Qd4+ 17. Qxd4 cxd4 18. Na4 Nc5 19. Nxc5 dxc5 20. e5 g5 21. fxg5 Bxe5 22. Bxh5 Rf8 23. Rae1 Bd6 24. Ne4 Bc7 25. d6 Bxa5 26. Re2 Be6 27. Nxc5 Bc4 28. Nxb7 Bxe2 29. Bxe2 Bb6 30. Bc4 Kg7 31. d7 f6 32. gxf6+ Nxf6 33.
Nd6 Nxd7 34. Nf5+ Kh7 35. Bd3 Ne5 36. Be4 d3+ 37. Kh1 Kh8 38. Be7 Rae8 39. Bxf8 Rxf8 40. Rd1 Ba5 41. Bxd3 Nxd3 42. Rxd3 Rxf5 43. g4 Rb5 44. b3 Kg7 45. Kg2 Kg6 46. Kg3 Bc7+ 47. Kg2 Kg5 48. h3 Rc5 49. Rf3 a5 50. Rf2 Kh4 51. Rf3 Rc2+ 52. Kg1 Bb6+ 53. Kf1 Rh2 54. Rc3 Rxh3 55. Rxh3+ Kxh3 56. g5 Bd4 57. g6 Kg4 58. Ke2 Kf5 59. Kd3 Bg7 60. b4 a4 61. b5 Kxg6 62. Kc2 Kf7 63. b6 Ke8 64. b7 Be5 65. Kb1 Kd7 66. Ka2 Kc6 67. Ka3 Kb5 68. Ka2 Kb4 69.
Kb1 Kb3 70. b8=Q+ Bxb8 71. Ka1 Be5+ 72. Kb1 a3 0-1

[Event "*** Titled Tuesday 3|2 Blitz"]
[Site "Chess.com"]
[Date "2015.05.05"]
[Round "6"]
[White "jlandaw"]
[Black "AnthonyWirig"]
[Result "1-0"]
[WhiteElo "2381"]
[BlackElo "2487"]
[TimeControl "180+2"]
[EndTime "12:20:36 PDT"]
[Termination "jlandaw won by resignation"]

1. e4 c5 2. Nc3 e6 3. g3 Nc6 4.
Bg2 g6 5. d3 Bg7 6. Be3 Nd4 7.
Nce2 Qb6 8. c3 Nc6 9. b4 d6 10.
Rb1 Qc7 11. bxc5 dxc5 12. Bxc5 b6 13. Ba3 Nge7 14. Nf3 O-O 15. O-O Ba6 16. Re1 Rfd8 17. d4 Na5 18. Bb4 Nec6 19. e5 Nc4 20. Ng5 Rac8 21. Qa4 Bb7 22. Ne4 Nxb4 23. Rxb4 Bd5 24. Nf4 Bxe4 25. Bxe4 a5 26. Rb5 Nd2 27. Qc2 Qxc3 28.
Qxc3 Rxc3 29. Rxb6 Rxd4 30. Rb8+ Bf8 31. Ba8 Rb4 32. Rd8 Nc4 33. Rc8 Kg7 34. Re4 Nb6 35. Rxc3 Rxe4 36. Bxe4 Bb4 37. Rc7 Kf8 38. Ra7 Na4 39. Ne2 Nc5 40. Bc2 h5 41. f4 Ke8 42.
Kg2 Kf8 43. Kf3 Bd2 44. Nd4 g5 45. fxg5 Bxg5 46. Nb5 Be7 47. Rxa5 Nd7 48. Nd4 Bc5 49. Nc6 Bg1 50. h3 h4 51. gxh4 Kg7 52. a4 Kh6 53. Rb5 Kh5 54. a5 Kxh4 55. a6 Kxh3 56. a7 Bxa7 57. Nxa7 Kh4 58. Nc6 Kg5 59. Nd8 f5 60.
exf6+ Kxf6 61. Nxe6 Ne5+ 62. Ke4 Nc4 63. Rc5 Nd2+ 64.
Kd5 Nf1 65. Nd4 Ne3+ 66. Ke4 Ng2 67. Rf5+ Ke7 68. Rf1 Nh4 69. Ke5 Ng6+ 70. Bxg6 Kd7 71. Rf7+ Kd8 72. Kd6 1-0

[Event "*** Titled Tuesday 3|2 Blitz"]
[Site "Chess.com"]
[Date "2015.05.05"]
[Round "6"]
[White "lukas_111111"]
[Black "jup1978"]
[Result "1-0"]
[WhiteElo "2342"]
[BlackElo "2148"]
[TimeControl "180+2"]
[EndTime "12:20:51 PDT"]
[Termination "lukas_111111 won by checkmate"]

1. d4 e6 2. c4 f5 3. Nc3 Nf6 4. Bf4 Bb4 5. e3 O-O 6. Bd3 d6 7. Nf3 Ne4 8. O-O Bxc3 9. bxc3 Nxc3 10. Qc2 Ne4 11. Bxe4 fxe4 12. Qxe4 Qf6 13. Rab1 Qf5 14. Qxf5 exf5 15. c5 dxc5 16. dxc5 Na6 17. Rfc1 h6 18. Nd4 Rf7 19. c6 b6 20. Rb5 Nc5 21.
Rbxc5 bxc5 22. Rxc5 Rb8 23. h4 Rb2 24. Ra5 a6 25. h5 Kh7 26. Re5 a5 27. Rxa5 Rb1+ 28. Kh2 Rb2 29. Kg3 Re7 30. a4 Ra2 31. Ra7 Be6 32.
a5 Bd5 33. Nxf5 Rf7 34. Nd4 Rf6 35. a6 Bxc6 36. Rxc7 Bd5 37. a7 Rf7 38. Rxf7 Bxf7 39. Bb8 Bd5 40. Nf5 Ra6 41. f3 Ba8 42. e4 Kg8 43. Nd6 Ra2 44. Kh3 Kf8 45. g4 Ke7 46. Nf5+ Kf7 47. Kg3 Ra3 48. Kf4 Ra6 49. Be5 g5+ 50.
hxg6+ Kxg6 51. Bb8 h5 52. Nh4+ Kh6 53. g5+ Kg7 54.
Be5+ Kf7 55. Bb8 Kg7 56. Kf5 Ra5+ 57. Be5+ Kf7 58. g6+ Kg8 59. Kf6 Rxa7 60. Nf5 Ra6+ 61. Kg5 Bb7 62. Nh6+ Kf8 63. g7+ Ke7 64. g8=Q Bxe4 65.
fxe4 Ra8 66. Qxa8 h4 67. Qb7+ Ke6 68. Qd5+ Ke7 69. Bf6+ Kf8 70. Qf7# 1-0

[Event "*** Titled Tuesday 3|2 Blitz"]
[Site "Chess.com"]
[Date "2015.05.05"]
[Round "6"]
[White "AlexanderL"]
[Black "MITerryble"]
[Result "1/2-1/2"]
[WhiteElo "2544"]
[BlackElo "2527"]
[TimeControl "180+2"]
[EndTime "12:21:25 PDT"]
[Termination "Game drawn - insufficient material"]

1. d4 e6 2. c4 Bb4+ 3. Bd2 Qe7 4. g3 Nc6 5. Nf3 Nf6 6. Bg2 Bxd2+ 7. Nbxd2 d6 8. O-O e5 9. d5 Nb8 10. e4 a5 11. Ne1 Na6 12. Nd3 O-O 13. f4 Nd7 14.
f5 Qg5 15. Qe2 f6 16. Nf3 Qh6 17. Nf2 Ndc5 18. Ng4 Qh5 19. Nfxe5 Kh8 20. Bf3 fxe5 21. Nxe5 Qe8 22. Ng4 Nd7 23. Qd2 Nac5 24. Rae1 Ne5 25.
Nxe5 Qxe5 26. Bh5 Bd7 27. Rf4 b5 28. Rh4 Kg8 29. cxb5 Bxb5 30. Kg2 Bd3 31. Bf3 a4 32. Kh3 Rab8 33. Qg5 Rf6 34. b4 Nd7 35. Qd2 Bb5 36.
Rc1 Rc8 37. g4 Rff8 38. g5 c6 39. Rd1 cxd5 40. Qxd5+ Qxd5 41. Rxd5 Rc3 42. Kg2 Bc4 43. Rxd6 Ne5 44. Bd1 Bxa2 45. Bxa4 Ra3 46. Bd7 Bf7 47. Be6 Bxe6 48. Rxe6 Ra2+ 49. Kg3 Ra3+ 50. Kg2 Rd8 51. Rf4 Rd2+ 52. Rf2 Rxf2+ 53. Kxf2 Nd3+ 54. Ke3 Nxb4+ 55. Kd4 Nd3 56. g6 hxg6 57. fxg6 Kf8 58. Rb6 Nf4 59.
Ke5 Rf3 60. Rb8+ Ke7 61. Rb7+ Ke8 62. Rxg7 Rf2 63. h4 Nd3+ 64. Kd4 Nf4 65. Ke3 Rf1 66. e5 Ne6 67. Rg8+ Ke7 68. h5 Rh1 69. Rh8 Ng7 70. Rh7 Kf8 71. h6 Rxh6 72. Rxh6 Nf5+ 73. Kf4 Nxh6 74.
e6 Ng8 75. Kf5 Kg7 76. Ke5 Kxg6 77. Kd6 Kf6 78. e7 Nxe7 1/2-1/2

[Event "*** Titled Tuesday 3|2 Blitz"]
[Site "Chess.com"]
[Date "2015.05.05"]
[Round "6"]
[White "Kacparov"]
[Black "megarompa"]
[Result "1/2-1/2"]
[WhiteElo "2461"]
[BlackElo "2662"]
[TimeControl "180+2"]
[EndTime "12:21:56 PDT"]
[Termination "Game drawn by repetition"]

1. e4 e5 2. Nf3 Nc6 3. Bc4 Nf6 4. d3 Be7 5. c3 O-O 6. Bb3 d5 7. Qe2 Bg4 8. Nbd2 a5 9. h3 Be6 10. Nf1 a4 11. Bc2 a3 12. b4 d4 13. b5 Na7 14. c4 c6 15. Nxe5 cxb5 16. Ng3 bxc4 17. Nxc4 b5 18. Nd2 Rc8 19. Bb3 b4 20. O-O Nb5 21. Nc4 Nc3 22. Qf3 Rc5 23. Bf4 Nd7 24. Rfe1 Bxc4 25. Bxc4 Bg5 26. Bd6 Ne5 27. Bxe5 Rxe5 28.
Nf5 g6 29. Qg3 Ra5 30. Nd6 Qe7 31. Nxf7 Rxf7 32. Qb8+ Kg7 33. Bxf7 Kxf7 34. e5 Kg7 35. e6 Rc5 36. Qxb4 Rd5 37. Qc4 Bf6 38. Rac1 Rc5 39.
Qb3 Ne2+ 40. Rxe2 Rxc1+ 41. Kh2 Rc7 42. g3 h5 43. h4 Rb7 44. Qd5 Rb2 45. Rxb2 axb2 46.
Qb3 Qxe6 47. Qxb2 Qf5 48. Qe2 Kf7 49. Kg2 Qd5+ 50. Kh2 Be7 51. Kg1 Bf6 52. Kh2 Kg7 53. Kg1 Qc6 54. Kh2 Qa6 55. Kg2 Qa4 56. Kh2 Qc6 57. Kg1 Qd6 58. Kg2 Be7 59. Kg1 Kf7 60. Kg2 Bf6 61. Kg1 Qd5 62. Kh2 Be5 63.
Kg1 Bd6 64. Kh2 Qe6 65. Qf3+ Qf6 66. Qd5+ Kg7 67. Kg2 Bf8 68. Qe4 Be7 69. Qd5 Qd6 70.
Qe4 Bf6 71. Qe2 Qd5+ 72. Kh2 Qf5 73. Kg2 g5 74. hxg5 Qxg5 75. Qe4 Kh6 76. a4 Qc5 77.
Qf4+ Kg7 78. Qe4 Qg5 79. Qb7+ Kh6 80. Qe4 h4 81. Qxh4+ Qxh4 82. gxh4 Kg6 83. h5+ Kxh5 84. Kf3 Bd8 85. Ke4 Bb6 86. a5 Ba7 87. Kd5 Kg4 88. Kc6 Kf3 89. Kb7 Bc5 90. Kc6 Ba7 91. Kb7 Bc5 92. Kc6 Ba7 93. Kb7 1/2-1/2

[Event "*** Titled Tuesday 3|2 Blitz"]
[Site "Chess.com"]
[Date "2015.05.05"]
[Round "6"]
[White "llamalord42"]
[Black "WanderingPuppet"]
[Result "1/2-1/2"]
[WhiteElo "2221"]
[BlackElo "2089"]
[TimeControl "180+2"]
[EndTime "12:23:08 PDT"]
[Termination "Game drawn - insufficient material"]

1. e4 c5 2. Nf3 d6 3. d4 cxd4 4. Nxd4 Nf6 5. Nc3 a6 6. Be2 e6 7.
O-O Be7 8. Be3 O-O 9. f4 Qc7 10.
Qe1 b5 11. a3 Bb7 12. Bd3 Nbd7 13. Qg3 g6 14. f5 e5 15. fxg6 exd4 16. g7 dxe3 17.
gxf8=Q+ Kxf8 18. Rf5 Ne5 19. Raf1 Qd8 20. Qxe3 Bc8 21.
Qh6+ Ke8 22. Rxf6 Bxf6 23. Qxf6 Qxf6 24. Rxf6 Be6 25. Rh6 Ke7 26. Rxh7 Rg8 27. Kf2 Ng4+ 28. Ke2 Ne5 29. g3 Rb8 30. Rh4 b4 31. axb4 Rxb4 32. b3 a5 33. Rf4 Rb8 34. h4 Rg8 35. Kf2 Ng4+ 36. Kf3 Ne5+ 37. Kg2 Ng6 38. Rf1 Nxh4+ 39. Kf2 Ng6 40. Ra1 Rc8 41. Ne2 Ne5 42. Rxa5 Nxd3+ 43.
cxd3 Bxb3 44. Nd4 Be6 45. Ke3 Rc1 46. Nf5+ Bxf5 47. Rxf5 Rg1 48. Kf4 Ke6 49. g4 f6 50.
d4 Rf1+ 51. Ke3 Re1+ 52. Kf3 Rf1+ 53. Kg3 Rg1+ 54. Kh3 Rh1+ 55. Kg2 Re1 56. d5+ Ke7 57. Rf4 Rd1 58. Kf2 Rh1 59. Kg3 Rg1+ 60. Kh4 Rh1+ 61. Kg3 Rg1+ 62. Kf2 Rh1 63. Ke3 Rd1 64. Rf3 Rg1 65. Kf4 Re1 66. Rh3 Rf1+ 67. Ke3 Rg1 68. Rh7+ Ke8 69. Rg7 Rf1 70. Ke2 Rg1 71. Kf2 Rd1 72.
Ke2 Rg1 73. Kf2 Rd1 74. Ke3 Re1+ 75. Kd4 Rc1 76. Kd3 Re1 77. g5 fxg5 78. Rxg5 Rc1 79. Rg7 Re1 80. Kd4 Re2 81. Kd3 Re1 82. Ra7 Rc1 83.
Ke3 Re1+ 84. Kf4 Re2 85. Kf5 Kd8 86. Rg7 Ke8 87. Rg6 Kd7 88. Rg7+ Kc8 89. Re7 Kd8 90.
Rh7 Kc8 91. Ke6 Rxe4+ 92. Kxd6 Rg4 93. Rh8+ Kb7 94. Rd8 Rg6+ 95. Ke7 Rg7+ 96. Kf6 Rg1 97. Ke7 Rg7+ 98. Kd6 Rg6+ 99. Ke5 Rg5+ 100. Kf6 Rg1 101. Rd6 Kc7 102. Ke7 Rg7+ 103. Kf6 Kxd6 104. Kxg7 Kxd5 1/2-1/2

[Event "*** Titled Tuesday 3|2 Blitz"]
[Site "Chess.com"]
[Date "2015.05.05"]
[Round "7"]
[White "chessloveyou"]
[Black "iaraldinho"]
[Result "0-1"]
[WhiteElo "2097"]
[BlackElo "2295"]
[TimeControl "180+2"]
[EndTime "12:25:06 PDT"]
[Termination "iaraldinho won by resignation"]

1. Nf3 f5 2. g3 Nf6 3. Bg2 g6 4. O-O Bg7 5. c4 O-O 6. d4 d6 7. Nc3 Qe8 8. e3 a5 9. Nd2 c6 10. e4 e5 11. dxe5 dxe5 12. exf5 gxf5 13. Nf3 e4 14.
Nd4 Qf7 15. Bf4 Rd8 16. Nce2 c5 0-1

[Event "*** Titled Tuesday 3|2 Blitz"]
[Site "Chess.com"]
[Date "2015.05.05"]
[Round "7"]
[White "desxmchna"]
[Black "llamalord42"]
[Result "1-0"]
[WhiteElo "2169"]
[BlackElo "2211"]
[TimeControl "180+2"]
[EndTime "12:26:09 PDT"]
[Termination "desxmchna won by resignation"]

1. d4 Nf6 2. c4 g6 3. Nc3 Bg7 4. e4 d6 5. Nf3 O-O 6. Be2 e5 7. O-O Nc6 8. d5 Ne7 9. Ne1 Nd7 10. Be3 f5 11. f3 f4 12. Bf2 g5 13.
Rc1 Ng6 14. c5 Nf6 15. cxd6 cxd6 16. Nb5 Rf7 17. Nxa7 Bd7 18. Qb3 g4 19. Bb6 Qe8 20. Nb5 Qe7 21. Nc7 g3 22. h3 Bxh3 23. gxh3 1-0

[Event "*** Titled Tuesday 3|2 Blitz"]
[Site "Chess.com"]
[Date "2015.05.05"]
[Round "7"]
[White "Cryptochess"]
[Black "wonderfultime"]
[Result "1-0"]
[WhiteElo "2406"]
[BlackElo "2566"]
[TimeControl "180+2"]
[EndTime "12:26:16 PDT"]
[Termination "Cryptochess won by resignation"]

1. e4 c5 2. Nc3 Nc6 3. g3 g6 4. Bg2 Bg7 5. d3 d6 6. Be3 Nf6 7. h3 Rb8 8. Nge2 O-O 9. Qd2 b5 10. O-O b4 11. Nd1 a5 12. f4 Bb7 13. f5 Ne5 14. Bh6 d5 15. Bxg7 Kxg7 16. fxg6 hxg6 17. Qg5 Qd6 18. Ne3 e6 19. Qxf6+ 1-0

[Event "*** Titled Tuesday 3|2 Blitz"]
[Site "Chess.com"]
[Date "2015.05.05"]
[Round "7"]
[White "geeeeri"]
[Black "Haykos"]
[Result "1-0"]
[WhiteElo "2114"]
[BlackElo "2192"]
[TimeControl "180+2"]
[EndTime "12:27:58 PDT"]
[Termination "geeeeri won by resignation"]

1. e4 d5 2. exd5 Qxd5 3. Nc3 Qa5 4. Bc4 Nf6 5. d3 c6 6. Ne2 Bg4 7. f3 Bh5 8. O-O Nbd7 9. Ng3 Bg6 10. Qe2 e6 11. f4 Nb6 12. f5 Nxc4 13. dxc4 Bc5+ 14.
Kh1 O-O-O 15. fxg6 hxg6 16. Nge4 Nh5 17. Be3 Be7 18. Qf3 f5 19. Ng5 e5 20. Nf7 e4 21.
Qf2 Bd6 22. Nxd6+ Rxd6 23. Rad1 Qe5 24. Bf4 Rxd1 25. Bxe5 1-0

[Event "*** Titled Tuesday 3|2 Blitz"]
[Site "Chess.com"]
[Date "2015.05.05"]
[Round "7"]
[White "pKiLz5Rn9b"]
[Black "salomez"]
[Result "1-0"]
[WhiteElo "2264"]
[BlackElo "2139"]
[TimeControl "180+2"]
[EndTime "12:28:02 PDT"]
[Termination "pKiLz5Rn9b won by resignation"]

1. e4 c5 2. c3 Nf6 3. e5 Nd5 4.
d4 cxd4 5. cxd4 d6 6. Nf3 Nc6 7. Bc4 Nb6 8. Bb5 dxe5 9. Nxe5 Bd7 10. Nxd7 Qxd7 11. Nc3 e6 12. O-O Be7 13. Qg4 O-O 14.
Bxc6 bxc6 15. Bh6 Bf6 16. Rfd1 Kh8 17. Ne4 Rg8 18. Qh5 Bxd4 19. Be3 e5 20. Ng5 h6 21. Nxf7+ Kh7 22. Nxe5 g6 23. Nxd7 gxh5 24. Rxd4 1-0

[Event "*** Titled Tuesday 3|2 Blitz"]
[Site "Chess.com"]
[Date "2015.05.05"]
[Round "7"]
[White "destroyer305"]
[Black "Rijeka1999"]
[Result "0-1"]
[WhiteElo "2148"]
[BlackElo "2215"]
[TimeControl "180+2"]
[EndTime "12:28:15 PDT"]
[Termination "Rijeka1999 won by checkmate"]

1. e4 e5 2. Nf3 Nc6 3. d4 exd4 4. Bc4 Nf6 5. e5 d5 6. Bb5 Ne4 7. Nxd4 Bc5 8. Be3 Bd7 9. Bxc6 bxc6 10. O-O Qe7 11. f3 Nd6 12. f4 Nc4 13. Bc1 O-O 14. b3 Nb6 15. Bb2 f6 16. exf6 Qe3+ 17. Kh1 Rxf6 18.
Ne2 Bg4 19. Bxf6 Bxe2 20. Qd2 Bxf1 21. Be5 Qg1# 0-1